[ PARTIDA AOE2 · #495342972 ]
UnrankedBritanos vs Jurchens
Equipo del jugador · VICT
Equipo rival · DERR
[ ANÁLISIS DE REPETICIÓN · EXTRAÍDO DE LA PARTIDA GRABADA ]
Feudal
9:17
Castillos
22:27
Imperial
33:32
| APM promedio | 78.4 |
| APM pico | 177 |
| eAPM promedio | 21.2 |
| Aldeanos / militares | 68 / 85 |
Foco
⚔️ 24.7% · 🌾 75.3%
Archer ×80 · Militia ×3 · Monk ×1 · Spearman ×1
Feudal
8:28
Castillos
23:02
Imperial
—
| APM promedio | 42.5 |
| APM pico | 87 |
| eAPM promedio | 18.5 |
| Aldeanos / militares | 62 / 40 |
Foco
⚔️ 32.1% · 🌾 67.9%
Skirmisher ×24 · Unknown (1911) ×16 · Archer ×7 · Scout Cavalry ×6 · Monk ×3
Mapa de la partida
Recursos iniciales + cada clic de construcción. Líneas = muros · curvas = relieve. ◆ oro · ⬟ piedra · ● bayas · ✦ reliquia · ◌ hueco del cierre
Tu base· ✓ Cerrada en 22:27 · 3t muro · 2 puerta(s)
Base de mardock_mn· Abierta — hueco de 4t
Terreno inicial suavizado · ◌ = hueco del cierre detectado · pasá el cursor para detalles
Inputs por minuto
— Eye - - mardock_mn
Build order — Eye
Primeras 150 de 260 acciones detectadas
| 0:02 | Crear | Villager (Male) |
| 0:02 | Crear | Villager (Male) |
| 0:02 | Crear | Villager (Male) |
| 0:02 | Crear | Villager (Male) |
| 0:02 | Crear | Villager (Male) |
| 0:04 | Construir | House |
| 0:05 | Construir | House |
| 1:26 | Construir | Lumber Camp |
| 1:30 | Crear | Villager (Male) |
| 1:44 | Crear | Villager (Male) |
| 1:44 | Crear | Villager (Male) |
| 2:12 | Crear | Villager (Male) |
| 2:13 | Crear | Villager (Male) |
| 2:57 | Crear | Villager (Male) |
| 2:57 | Crear | Villager (Male) |
| 3:14 | Crear | Villager (Male) |
| 3:30 | Crear | Villager (Male) |
| 3:51 | Construir | House |
| 3:53 | Construir | House |
| 3:59 | Crear | Villager (Male) |
| 3:59 | Crear | Villager (Male) |
| 4:23 | Construir | House |
| 4:44 | Crear | Villager (Male) |
| 5:10 | Crear | Villager (Male) |
| 5:47 | Construir | Mill |
| 5:48 | Crear | Villager (Male) |
| 6:03 | Crear | Villager (Male) |
| 6:21 | Investigar | Loom |
| 6:53 | Construir | Mining Camp |
| 7:06 | Investigar | Feudal Age |
| 7:06 | Investigar | Feudal Age |
| 7:25 | Construir | Palisade Gate |
| 7:49 | Construir | Barracks |
| 8:02 | Construir | House |
| 8:37 | Construir | House |
| 8:38 | Construir | Palisade Wall |
| 8:39 | Construir | Palisade Wall |
| 8:41 | Construir | Palisade Gate |
| 8:46 | Crear | Militia |
| 8:47 | Crear | Militia |
| 8:47 | Crear | Militia |
| 9:17 | Edad | Edad Feudal |
| 9:24 | Construir | Archery Range |
| 9:42 | Crear | Villager (Male) |
| 9:43 | Crear | Villager (Male) |
| 9:53 | Investigar | Man-at-Arms (upgrade) |
| 10:02 | Crear | Villager (Male) |
| 10:19 | Crear | Archer |
| 10:19 | Crear | Archer |
| 10:27 | Construir | Palisade Wall |
| 10:34 | Crear | Villager (Male) |
| 10:43 | Construir | Watch Tower |
| 10:59 | Crear | Archer |
| 11:00 | Crear | Archer |
| 11:05 | Crear | Villager (Male) |
| 11:47 | Crear | Villager (Male) |
| 11:48 | Crear | Archer |
| 11:48 | Crear | Archer |
| 12:07 | Crear | Archer |
| 12:08 | Crear | Spearman |
| 12:28 | Construir | Blacksmith |
| 12:31 | Construir | House |
| 12:46 | Crear | Villager (Male) |
| 12:47 | Crear | Villager (Male) |
| 12:51 | Construir | Farm |
| 12:52 | Construir | Farm |
| 12:57 | Crear | Archer |
| 12:58 | Crear | Villager (Male) |
| 13:12 | Construir | Farm |
| 13:47 | Crear | Archer |
| 13:47 | Crear | Archer |
| 13:47 | Crear | Villager (Male) |
| 13:48 | Crear | Villager (Male) |
| 13:58 | Construir | House |
| 14:05 | Construir | Lumber Camp |
| 14:09 | Crear | Archer |
| 14:21 | Construir | Archery Range |
| 14:32 | Crear | Archer |
| 14:34 | Crear | Villager (Male) |
| 14:37 | Construir | House |
| 14:44 | Investigar | Double-Bit Axe |
| 14:44 | Investigar | Double-Bit Axe |
| 15:01 | Crear | Villager (Male) |
| 15:15 | Construir | Farm |
| 15:16 | Construir | Farm |
| 15:31 | Crear | Archer |
| 15:33 | Crear | Villager (Male) |
| 15:33 | Crear | Archer |
| 15:38 | Construir | Farm |
| 15:48 | Crear | Archer |
| 15:49 | Crear | Archer |
| 16:03 | Crear | Villager (Male) |
| 16:09 | Crear | Archer |
| 16:09 | Crear | Villager (Male) |
| 16:14 | Construir | House |
| 16:16 | Construir | House |
| 16:17 | Construir | House |
| 16:24 | Crear | Villager (Male) |
| 16:26 | Construir | Farm |
| 16:53 | Crear | Archer |
| 16:54 | Crear | Villager (Male) |
| 16:54 | Crear | Villager (Male) |
| 17:01 | Construir | Farm |
| 17:04 | Construir | Farm |
| 17:19 | Construir | Farm |
| 17:45 | Crear | Archer |
| 17:45 | Crear | Villager (Male) |
| 17:46 | Crear | Villager (Male) |
| 17:51 | Construir | Farm |
| 17:56 | Construir | Farm |
| 18:09 | Crear | Archer |
| 18:19 | Crear | Archer |
| 18:19 | Crear | Archer |
| 18:32 | Crear | Villager (Male) |
| 19:01 | Construir | Lumber Camp |
| 19:36 | Crear | Archer |
| 19:36 | Crear | Archer |
| 19:47 | Investigar | Castle Age |
| 19:50 | Crear | Archer |
| 19:51 | Crear | Archer |
| 19:58 | Construir | Archery Range |
| 20:06 | Investigar | Horse Collar |
| 20:07 | Investigar | Horse Collar |
| 20:31 | Investigar | Fletching |
| 20:31 | Investigar | Fletching |
| 20:48 | Crear | Archer |
| 20:48 | Crear | Archer |
| 21:00 | Construir | House |
| 21:01 | Construir | House |
| 21:09 | Crear | Archer |
| 21:11 | Investigar | Gold Mining |
| 21:12 | Investigar | Gold Mining |
| 21:27 | Crear | Archer |
| 21:27 | Crear | Archer |
| 21:44 | Crear | Archer |
| 21:51 | Construir | House |
| 21:55 | Construir | House |
| 22:02 | Crear | Villager (Male) |
| 22:02 | Crear | Villager (Male) |
| 22:23 | Construir | House |
| 22:27 | Edad | Edad de los Castillos |
| 22:34 | Construir | University |
| 22:38 | Investigar | Crossbowman (upgrade) |
| 22:38 | Investigar | Bodkin Arrow |
| 22:43 | Crear | Archer |
| 22:58 | Crear | Villager (Male) |
| 23:27 | Investigar | Ballistics |
| 23:27 | Investigar | Ballistics |
| 23:35 | Crear | Villager (Male) |
| 23:36 | Crear | Archer |
Build order — mardock_mn
Primeras 150 de 194 acciones detectadas
| 0:00 | Crear | Villager (Male) |
| 0:00 | Crear | Villager (Male) |
| 0:01 | Crear | Villager (Male) |
| 0:03 | Construir | House |
| 0:06 | Construir | House |
| 0:25 | Crear | Villager (Male) |
| 0:25 | Crear | Villager (Male) |
| 1:33 | Crear | Villager (Male) |
| 1:34 | Crear | Villager (Male) |
| 1:52 | Crear | Villager (Male) |
| 1:52 | Crear | Villager (Male) |
| 2:23 | Crear | Villager (Male) |
| 2:48 | Crear | Villager (Male) |
| 2:52 | Construir | Lumber Camp |
| 3:20 | Crear | Villager (Male) |
| 3:27 | Construir | House |
| 3:28 | Construir | House |
| 3:41 | Construir | House |
| 3:47 | Crear | Villager (Male) |
| 4:02 | Crear | Villager (Male) |
| 4:26 | Crear | Villager (Male) |
| 4:26 | Crear | Villager (Male) |
| 5:12 | Construir | Mining Camp |
| 5:22 | Investigar | Loom |
| 5:24 | Crear | Villager (Male) |
| 5:49 | Crear | Villager (Male) |
| 5:59 | Construir | Palisade Wall |
| 6:01 | Construir | Palisade Wall |
| 6:03 | Construir | Palisade Wall |
| 6:18 | Investigar | Feudal Age |
| 7:30 | Construir | Barracks |
| 7:47 | Crear | Villager (Male) |
| 8:28 | Edad | Edad Feudal |
| 8:34 | Construir | Stable |
| 8:39 | Crear | Villager (Male) |
| 8:40 | Crear | Villager (Male) |
| 8:53 | Investigar | Double-Bit Axe |
| 9:38 | Construir | Archery Range |
| 9:43 | Investigar | Loom |
| 9:45 | Crear | Scout Cavalry |
| 9:52 | Construir | House |
| 10:12 | Crear | Villager (Male) |
| 10:13 | Crear | Villager (Male) |
| 10:28 | Construir | House |
| 10:36 | Crear | Villager (Male) |
| 11:03 | Crear | Villager (Male) |
| 11:08 | Crear | Archer |
| 11:08 | Crear | Archer |
| 11:09 | Crear | Archer |
| 11:17 | Crear | Scout Cavalry |
| 11:32 | Crear | Villager (Male) |
| 11:47 | Construir | Blacksmith |
| 12:04 | Crear | Villager (Male) |
| 12:06 | Crear | Archer |
| 12:32 | Crear | Villager (Male) |
| 12:41 | Investigar | Fletching |
| 12:44 | Construir | House |
| 12:58 | Crear | Villager (Male) |
| 13:31 | Crear | Villager (Male) |
| 13:54 | Crear | Scout Cavalry |
| 13:55 | Crear | Villager (Male) |
| 14:00 | Construir | Mill |
| 14:04 | Crear | Archer |
| 14:04 | Crear | Archer |
| 14:16 | Crear | Villager (Male) |
| 14:17 | Crear | Skirmisher |
| 14:20 | Crear | Scout Cavalry |
| 14:30 | Construir | House |
| 14:31 | Construir | House |
| 14:46 | Investigar | Wheelbarrow |
| 15:05 | Investigar | Horse Collar |
| 15:08 | Construir | Farm |
| 15:08 | Construir | Farm |
| 15:08 | Construir | Farm |
| 15:08 | Construir | Farm |
| 15:08 | Construir | Farm |
| 15:09 | Construir | Farm |
| 15:13 | Crear | Archer |
| 15:33 | Construir | Mill |
| 15:38 | Construir | Outpost |
| 15:40 | Investigar | Town Watch |
| 15:50 | Crear | Skirmisher |
| 16:12 | Construir | House |
| 16:23 | Crear | Skirmisher |
| 16:29 | Crear | Villager (Male) |
| 16:29 | Crear | Villager (Male) |
| 17:02 | Construir | Mill |
| 17:03 | Crear | Villager (Male) |
| 17:12 | Construir | Palisade Wall |
| 17:21 | Construir | Farm |
| 17:23 | Construir | Farm |
| 17:46 | Crear | Villager (Male) |
| 17:47 | Crear | Villager (Male) |
| 17:54 | Crear | Skirmisher |
| 17:54 | Crear | Skirmisher |
| 17:57 | Investigar | Padded Archer Armor |
| 18:11 | Construir | Outpost |
| 18:26 | Construir | House |
| 18:38 | Crear | Villager (Male) |
| 19:29 | Crear | Villager (Male) |
| 19:35 | Investigar | Gold Mining |
| 19:38 | Construir | House |
| 19:57 | Crear | Villager (Male) |
| 19:59 | Construir | Farm |
| 20:15 | Investigar | Scale Barding Armor |
| 20:20 | Investigar | Castle Age |
| 20:57 | Construir | Archery Range |
| 21:06 | Crear | Skirmisher ×4 |
| 21:32 | Investigar | Bloodlines |
| 22:16 | Crear | Skirmisher |
| 22:16 | Crear | Skirmisher |
| 22:20 | Crear | Scout Cavalry |
| 22:56 | Crear | Scout Cavalry |
| 23:02 | Edad | Edad de los Castillos |
| 23:03 | Crear | Villager (Male) |
| 23:07 | Construir | Town Center |
| 23:22 | Investigar | Bodkin Arrow |
| 23:23 | Investigar | Leather Archer Armor |
| 23:28 | Crear | Unit 1911 |
| 23:29 | Crear | Unit 1911 |
| 23:55 | Crear | Unit 1911 |
| 24:03 | Crear | Villager (Male) |
| 24:17 | Crear | Unit 1911 |
| 24:22 | Construir | Town Center |
| 24:42 | Crear | Villager (Male) |
| 24:42 | Crear | Villager (Male) |
| 25:24 | Crear | Villager (Male) |
| 25:25 | Crear | Villager (Male) |
| 25:25 | Crear | Villager (Male) |
| 25:44 | Crear | Villager (Male) |
| 25:55 | Crear | Skirmisher |
| 25:55 | Crear | Skirmisher |
| 26:03 | Crear | Villager (Male) |
| 26:11 | Crear | Villager (Male) |
| 26:14 | Crear | Unit 1911 |
| 26:14 | Crear | Unit 1911 |
| 26:22 | Construir | Mining Camp |
| 26:28 | Crear | Skirmisher |
| 26:35 | Crear | Villager (Male) |
| 26:46 | Crear | Skirmisher |
| 26:46 | Crear | Villager (Male) |
| 26:59 | Investigar | Forging |
| 27:37 | Investigar | Elite Skirmisher (upgrade) |
| 28:01 | Crear | Villager (Male) |
| 28:03 | Crear | Villager (Male) |
| 28:13 | Crear | Villager (Male) |
| 28:17 | Construir | University |
| 29:03 | Construir | Mill |
| 29:15 | Crear | Skirmisher ×4 |
| 29:29 | Construir | Mill |
Cronología de la partida
| 5:59 | mardock_mn · wall_segment Palisade Wall x1 |
| 6:01 | mardock_mn · wall_segment Palisade Wall x1 |
| 6:03 | mardock_mn · wall_segment Palisade Wall x1 |
| 7:30 | mardock_mn · first_building Barracks |
| 7:49 | Eye · first_building Barracks |
| 8:28 | mardock_mn · age_up feudal |
| 8:34 | mardock_mn · first_building Stable |
| 8:38 | Eye · wall_segment Palisade Wall x1 |
| 8:39 | Eye · wall_segment Palisade Wall x1 |
| 9:17 | Eye · age_up feudal |
| 9:24 | Eye · first_building Archery Range |
| 9:38 | mardock_mn · first_building Archery Range |
| 10:27 | Eye · wall_segment Palisade Wall x1 |
| 17:12 | mardock_mn · wall_segment Palisade Wall x1 |
| 22:27 | Eye · age_up castle |
| 23:02 | mardock_mn · age_up castle |
| 28:23 | Eye · first_building Monastery |
| 29:46 | Eye · first_market_sell 100 wood |
| 31:09 | mardock_mn · first_building Monastery |
| 33:19 | Eye · first_market_buy 100 stone |
| 33:25 | Eye · first_building Castle |
| 33:32 | Eye · age_up imperial |
| 33:34 | Eye · first_building Siege Workshop |
| 35:10 | mardock_mn · resign |
[ ANÁLISIS IA · 1 CRÉDITO ]
¿Qué pasó realmente en esta partida?
Wolo.gg analiza cada decisión: build order, eco, micro, errores típicos por bracket. Análisis personalizado por WhatsApp o Discord en 30 segundos.
Guía civ
Britanos
Perfil
Jugador #3153172